 Dungeon Crawl Stone Soup version 0.32-a0-913-g739538afd8 (webtiles) character file.

Game seed: 7788624412590766957

198 ezpacito the Trooper (level 5, 0/63 HPs)
             Began as a Coglin Chaos Knight on Apr 9, 2024.
             Was a Plaything of Xom.
             Succumbed to an adder's poison
             ... in a sewer.
             The game lasted 00:03:55 (2440 turns).

ezpacito the Trooper (Coglin Chaos Knight)          Turns: 2440, Time: 00:03:56

Health: 0/63       AC: 22    Str: 19    XL:     5   Next: 77%
Magic:  6/6        EV:  2    Int: 10    God:    Xom [*.....]
Gold:   130        SH:  0    Dex: 12    Spells: 6/6 levels left

rFire   . . .        a - +0 hand axe (chaos) {Ku-aya}
rCold   . . .        k - +2 dagger (holy) {Tamara}
rNeg    . . .        q - melded +0 leather armour "Miff" {rC+ Str+2}
rPois   +            (helmet currently unavailable)
rElec   .            (cloak currently unavailable)
rCorr   .            j - melded +0 pair of gloves
SInv    .            (boots currently unavailable)
Will    .....        (amulet unavailable)
Stlth   +            (ring unavailable)
HPRegen 0.30/turn    (ring unavailable)
MPRegen 0.10/turn    (no gizmo)

%: no passive effects
@: mighty, lethally poisoned (0 -> -8), tree-form, revving
A: stationary, stasis, torment immunity, boosted hp, off-hand wielding, slow
wielding, warmup strikes, no jewellery, strong 1, wild magic 1
a: Invent Gizmo, Renounce Religion


You were in a sewer.
You worshipped Xom.
You were a special plaything of Xom.
You were a tree.
You visited 1 branch of the dungeon, and saw 4 of its levels.
You also visited: Sewer.

You collected 130 gold pieces.

Inventory:

Hand Weapons
 a - a +0 hand axe of chaos (weapon) {Ku-aya}
 k - a +2 dagger of holy wrath (offhand) {Tamara}
Missiles
 b - a boomerang (quivered)
Armour
 j - a +0 pair of gloves (melded)
 q - the +0 leather armour "Miff" (melded) {rC+ Str+2}
   (You found it on level 3 of the Dungeon)

   Str+2:     It affects your strength (+2).
   rC+:       It protects you from cold.
Wands
 m - a wand of acid (5)
Scrolls
 c - a scroll of enchant weapon
 d - a scroll of enchant armour
 e - a scroll of fog
 g - a scroll of blinking {unknown}
 l - a scroll of amnesia {unknown}
 t - a scroll of teleportation


   Skills:
 * Level 3.8 Fighting
 * Level 3.7(3.9) Axes
 * Level 1.4(2.6) Polearms
 * Level 2.5 Armour
 * Level 2.1 Dodging
 + Level 0.7 Stealth
 + Level 0.2 Unarmed Combat
 + Level 1.0 Spellcasting
 + Level 0.7 Evocations


You had 6 spell levels left.
You didn't know any spells.
Your spell library contained the following spells:

 Spells                   Type           Power      Damage    Failure   Level
 Freeze                   Ice            0%         1d3       43%         1
 Frozen Ramparts          Ice            0%         1d1       78%         3
 Hailstorm                Conj/Ice       0%         3d5       78%         3


Dungeon Overview and Level Annotations

Branches:
Dungeon (4/15)             Temple (0/1) D:4           Sewer (1/1)

Altars:

Shops:
D:2 (


Innate Abilities, Weirdness & Mutations

You are a tree.
Your roots penetrate the ground, keeping you stationary.
You cannot be teleported.
You are immune to unholy pain and torment.
Your maximum health is greatly increased.
Your equipment is partially melded.
You can wield a second weapon in your off-hand.
It takes a long time for you to wield or remove held weapons.
Your first few attacks do less damage.
You cannot equip rings or amulets.
Your muscles are strong. (Str +4, Int/Dex -1)
Your spells are a little harder to cast, but a little more powerful.


Message History

You escape the ball python's grasp.
You feel very sick. The river rat bites you.
A rat comes into view.
The adder barely misses you. The river rat bites you.
A rat comes into view.
The adder bites you.
You take 10 damage, and have 13/37 hp.
MASSIVE DAMAGE!!
It was a potion of mutation.
You feel extremely strange. The horns on your head shrink away.
You feel slightly disoriented.
You feel robust.
You feel less in control of your magic.
You feel stronger.
You feel sick.
The rat squeaks loudly.
The adder bites you.
* * * LOW HITPOINT WARNING * * *
You are lethally poisoned!
The adder poisons you! The ball python barely misses you. x2
The adder bites you but does no damage.
The river rat bites you but does no damage.
You take 4 damage, and have 9/42 hp.
Okay, then.
It was a potion of might.
You feel very mighty all of a sudden.
* * * LOW HITPOINT WARNING * * *
You feel sick.
The rat squeaks loudly.
The adder barely misses you. The ball python completely misses you.
The ball python barely misses you. The adder bites you but does no damage.
The river rat bites you.
* * * LOW HITPOINT WARNING * * *
The adder closely misses you.
The ball python bites you but does no damage.
The ball python barely misses you.
You take 8 damage, and have 1/42 hp.
It was a potion of lignification.
You turn into a tree.
Your +0 pair of gloves melds into your body.
The +0 leather armour "Miff" {rC+ Str+2} melds into your body.
Your roots penetrate the ground.
You die...
Xom bursts into laughter!

## *
...###* *
......####
.r......##
,
#r......#
,
#......##
, **
#..r...#
##~S♣.##
#≈~SS~~# ~
~ #≈~~~≈≈#
~ #≈≈~~≈≈#
~ #≈≈~≈≈≈#
#≈≈~~≈≈#
#≈.~#≈≈#
#≈≈≈~~≈# *
#≈≈≈~.≈#


You could see 2 adders, a river rat, a ball python and 2 rats.

Vanquished Creatures
  2 orc wizards (D:4)
  A gnoll (D:2)
  5 adders
  5 dart slugs
  2 ribbon worms
  3 orcs (D:4)
  4 ball pythons
  3 bats
  5 endoplasms
  6 giant cockroaches
  5 goblins
  8 hobgoblins
  3 kobolds
  13 quokkas
  3 frilled lizards
  7 rats
75 creatures vanquished.

Vanquished Creatures (collateral kills)
  A rat (D:2)
1 creature vanquished.

Grand Total: 76 creatures vanquished

Notes
Turn   | Place    | Note
-------+----------+-------------------------------------------
     0 | D:1      | ezpacito the Coglin Chaos Knight began the quest for the
                  | Orb.
     0 | D:1      | Reached XP level 1. HP: 18/18 MP: 1/1
    23 | D:1      | XOM: potion effect (brilliance)
    25 | D:1      | Reached skill level 1 in Dodging
    31 | D:1      | Reached XP level 2. HP: 16/24 MP: 2/2
   179 | D:1      | Reached XP level 3. HP: 26/29 MP: 3/3
   280 | D:1      | XOM: cloud trail
   794 | D:2      | Reached XP level 4. HP: 35/35 MP: 4/4
   796 | D:2      | Found Leecat's Antique Weapon Boutique.
   843 | D:2      | XOM: 6-stop teleportation journey
   944 | D:2      | XOM: summons friendly quasit
  1039 | D:2      | Found a faded altar of an unknown god.
  1127 | D:2      | Reached skill level 1 in Polearms
  1130 | D:2      | HP: 1/35 [gnoll/+3 halberd of distortion (4)]
  1378 | D:2      | XOM: give mutations
  1378 | D:2      | Gained mutation: You passively map a small area around you.
                  | [Xom's mischief]
  1378 | D:2      | Gained mutation: You have a pair of small horns on your
                  | head. [Xom's mischief]
  1378 | D:2      | Gained mutation: Your system is resistant to poisons.
                  | (rPois) [Xom's mischief]
  1378 | D:2      | Gained mutation: You are frail. (-10% HP) [Xom's mischief]
  1401 | D:2      | XOM: divination: magic mapping
  1605 | D:3      | Reached XP level 5. HP: 36/36 MP: 6/6
  2074 | D:3      | XOM: give mutation
  2074 | D:3      | Lost mutation: Your system is resistant to poisons. (rPois)
                  | [Xom's mischief]
  2081 | D:3      | Identified the +0 leather armour "Miff" {rC+ Str+2}
  2369 | D:4      | Reached skill level 1 in Spellcasting
  2390 | D:4      | Found a glowing drain.
  2414 | Sewer    | Entered a sewer
  2438 | Sewer    | Lost mutation: You have a pair of small horns on your head.
                  | [potion of mutation]
  2438 | Sewer    | Lost mutation: You passively map a small area around you.
                  | [potion of mutation]
  2438 | Sewer    | Lost mutation: You are frail. (-10% HP) [potion of
                  | mutation]
  2438 | Sewer    | Gained mutation: Your spells are a little harder to cast,
                  | but a little more powerful. [potion of mutation]
  2438 | Sewer    | Gained mutation: Your muscles are strong. (Str +4, Int/Dex
                  | -1) [potion of mutation]
  2439 | Sewer    | HP: 1/42 [river rat (6)]
  2440 | Sewer    | Succumbed to an adder's poison

Illustrated notes

Levels and vault maps discovered:
D:1:      dpeg_arrival_refuge, layout_basic, item_on_display_a
D:2:      layout_basic, hellmonk_ecumenical_altar_leap_of_faith, serial_shops,
          nicolae_shop_tiny_statue_garden
D:3:      layout_basic
D:4:      layout_loops_corners, minmay_temple_entry_waves, portal_sewer_entry_f
Sewer:    sewer_minmay_w

Skill      XL: |  1  2  3  4  5 |
---------------+----------------+-----
Dodging        | 1 2 |  2.1
Armour         | 2 |  2.5
Polearms       | 1 |  1.4
Spellcasting   | 1 |  1.0
Fighting       | |  3.8
Axes           | |  3.7
Stealth        | |  0.7
Unarmed Combat | |  0.2
Evocations     | |  0.7

Action                     |  1- 3 |  4- 6 || total
---------------------------+-------+-------++-------
  Melee: Hand axe          |    82 |    98 ||   180
         Dagger            |    68 |    90 ||   158
         Headbutt          |       |    12 ||    12
    Use: Scroll            |       |     8 ||     8
         Potion            |       |     6 ||     6
   Stab: Sleeping          |     1 |     3 ||     4
         Confused          |       |     1 ||     1
 Armour: Leather armour    |    50 |    86 ||   136
  Dodge: Dodged            |    52 |    60 ||   112

Table legend: (Time is in decaauts)
 A = Elapsed time spent in this place.
 B = Non-inter-level travel time spent in this place.
 C = Inter-level travel time spent in this place.
 D = Time resting spent in this place.
 E = Time spent auto-exploring this place.
 F = Levels seen in this place.
 G = Mean time per level.
                   A        B        C        D        E       F      G
               +--------+--------+--------+--------+--------+-----+--------+
         Total |   2462 |   2367 |     95 |     56 |   1743 |   5 |  492.4 |
       Dungeon |   2427 |   2332 |     95 |     56 |   1723 |   4 |  606.8 |
         Sewer |     35 |     35 |      0 |      0 |     20 |   1 |   35.0 |
               +--------+--------+--------+--------+--------+-----+--------+

Top non-repeatable levels by time:
     D:2: 863 daAuts
     D:3: 782 daAuts
     D:1: 663 daAuts
     D:4: 117 daAuts
   Sewer: 35 daAuts
